AoeStats
← UMMA KHAN

Glade

510945338Analyzed
1v1 RM · 15h ago on Oct 3, 2026· 76m 18s· 2 players
Game mode
Random Map
Map size
Tiny (2 player)
Population
200
Speed
Normal
Resources
Standard
Victory
Conquest
Starting age
Dark Age
Ending age
Imperial Age
RankedLock teamsTeams togetherTeam positionsShared explorationLock speedFull tech treeHidden civsTurbo modeCheats
Victory
Defeat
🇨🇴 Mongols · Colombia
454
+16
🇷🇺 Britons · Russia
458
-16
Ursulaiguaran21
10:36 Feudal Age
13:43 Loom
19:31 Double-Bit Axe
23:19 Castle Age
22:02 Gold Mining
24:43 Padded Archer Armor
24:34 Fletching
35:44 Wheelbarrow
34:54 Town Watch
35:30 Leather Archer Armor
35:11 Bodkin Arrow
35:40 Ballistics
41:14 Imperial Age
39:04 Hand Cart
38:49 Town Patrol
43:06 Forging
42:56 Bracer
43:02 Scale Barding Armor
42:27 Light Cavalry
43:17 Bloodlines
45:16 Chemistry
44:55 Iron Casting
49:29 Parthian Tactics
52:03 Capped Ram
59:41 Drill
58:48 Siege Ram
61:21 Elite Skirmisher
UMMA KHAN
10:44 Feudal Age
13:26 Double-Bit Axe
14:30 Wheelbarrow
17:03 Loom
21:04 Castle Age
21:57 Horse Collar
22:37 Hand Cart
22:34 Bow Saw
23:22 Town Watch
23:38 Town Watch
33:27 Yeomen
33:41 Stone Mining
33:41 Gold Mining
36:31 Ballistics
35:51 Treadmill Crane
38:06 Murder Holes
38:36 Fletching
38:48 Gold Mining
40:17 Gold Shaft Mining
40:13 Bodkin Arrow
40:38 Masonry
40:39 Fortified Wall
43:16 Imperial Age
41:18 Padded Archer Armor
42:26 Leather Archer Armor
43:20 Heavy Plow
44:05 Warwolf
45:08 Chemistry
44:59 Hoardings
44:22 Arrowslits
45:09 Architecture
44:45 Siege Engineers
46:26 Conscription
47:48 Two-Man Saw
49:48 Onager
51:04 Elite Longbowman
52:43 Bracer
55:19 Leather Archer Armor
56:30 Ring Archer Armor
62:13 Town Patrol
68:09 Scale Barding Armor
68:04 Scale Mail Armor
68:15 Forging
71:38 Chain Barding Armor
71:33 Chain Mail Armor
71:54 Iron Casting
72:18 Iron Casting
73:11 Fervor
74:26 Plate Barding Armor
74:22 Plate Mail Armor
76:54 Blast Furnace
75:45 Arson
76:00 Squires
75:21 Pikeman
Connection lost

Rejoining the realm…

Still unreachable

The connection could not be restored.

Session expired

The server has moved on; the page needs a fresh start.